 Dungeon Crawl Stone Soup version 0.29.1-2-gbd0b4ee654 (webtiles) character file.

Game seed: 3163978695838041209

13 qeuew the Stinger (level 2, 0/22 HPs)
             Began as a Naga Venom Mage on Nov 5, 2022.
             Slain by a hobgoblin (3 damage)
             ... on level 1 of the Dungeon.
             The game lasted 00:02:02 (901 turns).

qeuew the Stinger (Naga Venom Mage)                  Turns: 901, Time: 00:02:03

Health: 0/22       AC:  3    Str: 10    XL:     2   Next: 37%
Magic:  3/5        EV:  8    Int: 15    God:
Gold:   50         SH:  0    Dex: 11    Spells: 4/5 levels left

rFire   . . .      SeeInvis +   (no weapon)
rCold   . . .      Faith    .   (no shield)
rNeg    . . .      Spirit   .   d - +0 ring mail
rPois   +          Reflect  .   (no helmet)
rElec   .          Harm     .   (no cloak)
rCorr   .          Rampage  .   (no gloves)
Will    .....                   (no barding)
Stlth   +.........              (no amulet)
HPRegen 0.07/turn               (no ring)
MPRegen 0.09/turn               (no ring)

@: short of breath, very slightly contaminated, very slow
A: AC +0, large, see invisible, deformed body, poison resistance, slowness 2,
spit poison 1, naga tail 1
a: Spit Poison


You were on level 1 of the Dungeon.
You visited 1 branch of the dungeon, and saw 1 of its levels.

You collected 50 gold pieces.

Inventory:

Armour
 d - a +0 ring mail (worn)
Scrolls
 c - a scroll of poison {unknown}
 e - a scroll of identify {unknown}
Potions
 a - a potion of resistance {unknown}
 b - a potion of magic


   Skills:
 * Level 0.3 Armour
 * Level 1.7 Dodging
 - Level 3.0 Stealth
 + Level 0.1 Unarmed Combat
 * Level 2.3 Spellcasting
 * Level 1.3 Transmutations
 + Level 4.1 Poison Magic


You had 4 spell levels left.
You knew the following spells:

 Your Spells              Type           Power      Damage    Failure   Level
a - Sting                 Tmut/Pois      36%        1d4       19%         1

Your spell library contained the following spells:

 Spells                   Type           Power      Damage    Failure   Level
 Poisonous Vapours        Pois/Air       14%        N/A       36%         2
 Mephitic Cloud           Conj/Pois/Air  5%         N/A       67%         3
 Olgreb's Toxic Radiance  Pois           14%        N/A       71%         4


Dungeon Overview and Level Annotations

Branches:
Dungeon (1/15)

Altars:


Innate Abilities, Weirdness & Mutations

Your serpentine skin is tough. (AC +0)
You have supernaturally acute eyesight. (SInv)
Armour fits poorly on your strangely shaped body.
Your system is resistant to poisons. (rPois)
You cover ground very slowly.
You can spit poison.
You have a snake-like lower body.


Message History

You now have 50 gold pieces (gained 14).
A frilled lizard comes into view.
Found a trident.
Found 13 gold pieces.
A kobold and a hobgoblin come into view.
The kobold shouts!
The hobgoblin shouts!
The frilled lizard hisses angrily.
You hear a shout!
The kobold hits you with a +0 short sword. x2
The sting hits the kobold but does no damage.
The kobold is poisoned.
The kobold barely misses you.
A goblin comes into view. It is wielding a +0 dagger.
The hobgoblin hits you. The frilled lizard barely misses you.
You miscast Sting.
You are very lightly contaminated with residual magic.
Nothing appears to happen.
The hobgoblin hits you. The kobold hits you but does no damage.
The frilled lizard bites you but does no damage.
A hobgoblin comes into view.
You kill the kobold!
The frilled lizard closely misses you.
The hobgoblin moves out of view.
The hobgoblin attacks as you move away! The hobgoblin hits you.
Found a stone staircase leading down.
The goblin hits you but does no damage. The hobgoblin hits you.
* * * LOW HITPOINT WARNING * * *
The frilled lizard bites you.
* * * LOW HITPOINT WARNING * * *
The goblin hits you but does no damage.
The frilled lizard attacks as you move away!
The frilled lizard bites you.
* * * LOW HITPOINT WARNING * * *
The hobgoblin attacks as you move away!
The hobgoblin hits you but does no damage.
Aiming: Spit Poison (2% risk of failure)
Press: ? - help, Shift-Dir - straight line, f - hobgoblin
Aim: a hobgoblin (59% to hit)
The splash of poison misses the hobgoblin.
The splash of poison hits the goblin!
The goblin is poisoned.
You kill the goblin!
The hobgoblin hits you.
You die...

# .### . .#. # .... > ..
# ..#$ .##.# # .). ...#
# #.. #.. #
#.#..##.####### #
#....)........# #
#...##...####.# #
#.........lg@...# #.
.##.###...##...###..#
#.#.# .........
#...###..######.#.####
..# #..
#...#...........#.#.##..
.# #.
#.#...###..####.#.#.##.#
.# # #g##.## #..#
#........# .# . #. #..#
#......... .... .# #.
#..# #.......## #### ..
.. ...# #.........


You could see a hobgoblin and a frilled lizard.

Vanquished Creatures
  A ball python (D:1)
  An endoplasm (D:1)
  A giant cockroach (D:1)
  2 hobgoblins (D:1)
  A frilled lizard (D:1)
  2 goblins (D:1)
  3 kobolds (D:1)
  3 rats (D:1)
14 creatures vanquished.

Notes
Turn   | Place    | Note
-------+----------+-------------------------------------------
     0 | D:1      | qeuew the Naga Venom Mage began the quest for the Orb.
     0 | D:1      | Reached XP level 1. HP: 15/15 MP: 3/3
   295 | D:1      | Reached XP level 2. HP: 4/22 MP: 0/5
   901 | D:1      | Slain by a hobgoblin

Illustrated notes

Levels and vault maps discovered:
D:1:      dpeg_arrival_more_subterranean_lakeside_camping, layout_loops_ring,
          minmay_cupped

Action                   || total
-------------------------++-------
Melee: Unarmed           ||    19
 Cast: Sting             ||    15
 Abil: Spit Poison       ||     2
Armor: Ring mail         ||    14
Dodge: Dodged            ||    10
